 Dungeon Crawl Stone Soup version 0.28.0 (webtiles) character file.

Game seed: 11602947727170912234

732 Sanktem7 the Reanimator (level 7, -2/37 HPs)
             Began as a Tengu Necromancer on Feb 7, 2022.
             Was an Initiate of Yredelemnul.
             Slain by a phantom (6 damage)
             ... on level 5 of the Dungeon.
             The game lasted 00:20:27 (6397 turns).

Sanktem7 the Reanimator (Tengu Necromancer)         Turns: 6397, Time: 00:20:28

Health: -2/37      AC:  4    Str:  9    XL:     7   Next: 73%
Magic:  0/11       EV: 15    Int: 17    God:    Yredelemnul [......]
Gold:   111        SH:  0    Dex: 14    Spells: 5/10 levels left

rFire   . . .      SeeInvis .   b - +1 short sword
rCold   . . .      Faith    .   (no shield)
rNeg    + . .      Spirit   +   l - +2 robe
rPois   +          Reflect  .   (helmet restricted)
rElec   .          Harm     .   (no cloak)
rCorr   .          Rampage  .   (no gloves)
Will    .....                   (boots unavailable)
Stlth   ++........              f - amulet of guardian spirit
HPRegen 0.12/turn               i - ring of positive energy
MPRegen 0.12/turn               d - ring of poison resistance

@: flying quickly and evasively, quick
A: beak, talons 3, nimble flight
a: Renounce Religion, Recall Undead Harvest


You were on level 5 of the Dungeon.
You worshipped Yredelemnul.
Yredelemnul was noncommittal.
You visited 2 branches of the dungeon, and saw 6 of its levels.

You collected 233 gold pieces.
You spent 122 gold pieces at shops.

Inventory:

Hand Weapons
 b - a +1 short sword (weapon)
 o - a +1 dagger of electrocution
Missiles
 h - a throwing net
Armour
 l - a +2 robe (worn)
Jewellery
 d - a ring of poison resistance (right hand)
 f - an amulet of guardian spirit (around neck)
 i - a ring of positive energy (left hand)
Scrolls
 c - 2 scrolls of immolation
 j - 2 scrolls of blinking
 k - 2 scrolls of noise
 p - a scroll of teleportation
Potions
 a - a potion of attraction {unknown}
 e - a potion of ambrosia
 g - 2 potions of flight {unknown}
 m - a potion of curing {unknown}
 n - a potion of mutation {unknown}


   Skills:
 + Level 0.8 Fighting
 + Level 1.6 Short Blades
 + Level 3.7 Dodging
 + Level 2.8 Stealth
 - Level 2.0 Spellcasting
 + Level 9.1 Necromancy


You had 5 spell levels left.
You knew the following spells:

 Your Spells              Type           Power      Damage    Failure   Level
a - Pain                  Necr           100%       1d9       1%          1
b - Animate Skeleton      Necr           64%        N/A       1%          1
c - Vampiric Draining     Necr           32%        2d8       1%          3

Your spell library contained the following spells:

 Spells                   Type           Power      Damage    Failure   Level
 Animate Dead             Necr           16%        N/A       4%          4
 Agony                    Necr           32%        N/A       13%         5


Dungeon Overview and Level Annotations

Branches:
Dungeon (5/15)             Temple (1/1) D:5

Altars:
Ashenzari
Cheibriados
Dithmenos
Fedhas
Gozag
Hepliaklqana
Kikubaaqudgha
Makhleb
Nemelex Xobeh
Qazlal
Trog
Uskayaw
Vehumet
Wu Jian
Xom
Yredelemnul
Zin
The Shining One

Shops:
D:2 [


Innate Abilities, Weirdness & Mutations

You have a beak for a mouth.
You have claws for feet.
Your magical nature lets you fly swiftly and evasively.


Message History

The phantom closely misses you.
You hit the phantom. Your peck misses the phantom.
The phantom is moderately damaged.
The phantom hits you!
You closely miss the phantom. Your peck misses the phantom.
The phantom is moderately damaged.
The phantom hits you.
You miss the phantom. Your kick misses the phantom.
The phantom is moderately damaged.
The phantom hits you.
The phantom blinks!
You blink.
You hit the phantom.
The phantom is heavily damaged.
The phantom hits you.
* * * LOW HITPOINT WARNING * * *
The phantom blinks!
You blink.
You hit the phantom but do no damage. You claw the phantom.
The phantom is heavily damaged.
The phantom barely misses you.
You hit the phantom but do no damage. Your kick misses the phantom.
The phantom is heavily damaged.
The phantom hits you.
* * * LOW HITPOINT WARNING * * *
You barely miss the phantom. Your peck misses the phantom.
The phantom is heavily damaged.
The phantom hits you but does no damage.
You hit the phantom. You claw the phantom.
The phantom is severely damaged.
The phantom closely misses you.
You closely miss the phantom.
The phantom is severely damaged.
The phantom hits you.
* * * LOW HITPOINT WARNING * * *
You hit the phantom but do no damage. You peck the phantom.
The phantom is almost destroyed.
The phantom hits you but does no damage.
You hit the phantom but do no damage. You peck the phantom, but do no damage.
The phantom is almost destroyed.
The phantom hits you!
You die...
Your body rises from the dead as a mindless zombie.

PP##...<#.....#
..P#....#.....#
>..).####.....####
..P#.# #........#
PP##.######.####.#
###.........# #§##
.#.##.####### #..#
.(.##.# ##W##
......# #@.$####
.###### #≈Z≈≈≈≈#
.# ###...####. ..
#####.........!.
.#
#.......?#......
##
#.###Z##.##..... #
#........# #....
#...####.Z##.##.#
#.##
#.........##.##.#
##


You could see a phantom (ally target), a friendly iguana zombie and a friendly
dart slug zombie.

Vanquished Creatures
  A necrophage (D:5)
  An ogre (D:5)
  A centaur (D:5)
  2 scorpions (D:4)
  A centaur skeleton (D:4)
  A hound (D:4)
  An orc priest (D:4)
  An iguana (D:5)
  2 orc wizards (D:3)
  4 adders
  2 adder skeletons (D:4)
  3 dart slugs
  11 orcs
  3 bats
  5 endoplasms
  7 giant cockroaches
  11 goblins
  9 hobgoblins
  7 jackals (D:1)
  2 quokkas
  5 ball pythons
  4 frilled lizards
  5 kobolds
  4 rats
93 creatures vanquished.

Vanquished Creatures (collateral kills)
  A scorpion (D:5)
1 creature vanquished.

Grand Total: 94 creatures vanquished

Notes
Turn   | Place    | Note
-------+----------+-------------------------------------------
     0 | D:1      | Sanktem7 the Tengu Necromancer began the quest for the Orb.
     0 | D:1      | Reached XP level 1. HP: 10/10 MP: 4/4
     2 | D:1      | Learned a level 1 spell: Animate Skeleton
   377 | D:1      | Reached XP level 2. HP: 13/15 MP: 4/6
   554 | D:1      | Reached skill level 5 in Necromancy
   844 | D:1      | Reached XP level 3. HP: 14/19 MP: 3/7
  2221 | D:2      | Reached XP level 4. HP: 18/24 MP: 3/8
  2431 | D:2      | Reached skill level 6 in Necromancy
  2757 | D:2      | Learned a level 3 spell: Vampiric Draining
  3035 | D:2      | Found Uzem's Antique Armour Emporium.
  3045 | D:2      | Bought a glowing robe for 122 gold pieces
  3549 | D:3      | Gained mutation: Your magical nature lets you fly swiftly
                  | and evasively. [Tengu growth]
  3549 | D:3      | Reached XP level 5. HP: 22/28 MP: 3/9
  3715 | D:3      | Reached skill level 7 in Necromancy
  3991 | D:3      | Found a faded altar of an unknown god.
  4435 | D:4      | Reached XP level 6. HP: 6/32 MP: 1/10
  5307 | D:4      | Reached skill level 8 in Necromancy
  5392 | D:4      | Reached skill level 1 in Short Blades
  5900 | D:5      | Entered Level 5 of the Dungeon
  5900 | D:5      | Noticed a necrophage
  5916 | D:5      | Killed a necrophage
  5917 | D:5      | Reached XP level 7. HP: 33/37 MP: 8/11
  5998 | D:5      | HP: 1/37 [centaur/arrow (12)]
  6236 | D:5      | Found a staircase to the Ecumenical Temple.
  6253 | Temple   | Entered the Ecumenical Temple
  6262 | Temple   | Became a worshipper of Yredelemnul the Dark
  6385 | D:5      | Reached * piety under Yredelemnul
  6385 | D:5      | Reached skill level 9 in Necromancy
  6397 | D:5      | Slain by a phantom

Illustrated notes

Levels and vault maps discovered:
D:1:      dpeg_arrival_simpleton_b, layout_basic, nrook_campfire,
          corner_web_ring, minmay_tetromino_t4
D:2:      layout_loops_ring, serial_shops, nicolae_diamond_shop,
          nicolae_concentric_dashed_squares_mild
D:3:      layout_basic, basic_ecumenical_altar, dk_vineyard_1
D:4:      layout_basic, minivault_1
D:5:      layout_loops_cross, minmay_temple_entry_enclosed_plants,
          enter_ossuary_5, minmay_misc_feat_x, minmay_crystal_water,
          chequers_serial_rivers_micro_b, nicolae_sextant, uniq_prince_ribbit1
Temple:   nicolae_temple_no_exploring_needed

Skill      XL: |  1  2  3  4  5  6  7 |
---------------+----------------------+-----
Necromancy     | 5 6 7 8 9 |  9.1
Short Blades   | 1 |  1.6
Dodging        | 3 |  3.7
Fighting       | |  0.8
Stealth        | |  2.8
Spellcasting   | |  2.0

Action                   |  1- 3 |  4- 6 |  7- 9 || total
-------------------------+-------+-------+-------++-------
Melee: Short sword       |     2 |    28 |    16 ||    46
       Kick              |     1 |    11 |     3 ||    15
       Peck              |       |     7 |     4 ||    11
 Cast: Pain              |    68 |    97 |    20 ||   185
       Animate Skeleton  |     4 |     3 |       ||     7
       Vampiric Draining |       |     5 |       ||     5
  Use: Scroll            |     1 |     4 |       ||     5
       Potion            |       |       |     1 ||     1
 Stab: Sleeping          |       |     1 |       ||     1
Armor: Robe              |     6 |    14 |     8 ||    28
Dodge: Dodged            |    26 |    65 |    29 ||   120
